 Dungeon Crawl Stone Soup version 0.28-a0-862-g58c29a6370 (webtiles) character file.

Game seed: 14267131165551377801

262 Htamos the Conjurer (level 5, -1/29 HPs)
             Began as a Deep Elf Conjurer on Nov 16, 2021.
             Was an Initiate of Vehumet.
             Succumbed to a crimson imp's poison
             ... on level 3 of the Dungeon.
             The game lasted 00:05:52 (2575 turns).

Htamos the Conjurer (Deep Elf Conjurer)             Turns: 2575, Time: 00:05:53

Health: -1/29      AC:  3    Str:  5    XL:     5   Next: 97%
Magic:  1/14       EV: 13    Int: 23    God:    Vehumet [......]
Gold:   39         SH:  0    Dex: 13    Spells: 11/14 levels left

rFire   . . .      SeeInvis .   o - +2 dagger (freeze)
rCold   . . .      Faith    .   (no shield)
rNeg    . . .      Spirit   .   a - +0 robe
rPois   .          Reflect  .   (no helmet)
rElec   .          Harm     .   (no cloak)
rCorr   .          Rampage  .   (no gloves)
Will    .....                   e - +0 pair of boots
Stlth   ++........              (no amulet)
HPRegen 0.09/turn               (no ring)
MPRegen 0.14/turn               (no ring)

@: brilliant, lethally poisoned (-1 -> -5), on berserk cooldown, attractive,
slowed, very slow
A: no striking features
a: Renounce Religion


You were on level 3 of the Dungeon.
You worshipped Vehumet.
Vehumet was noncommittal.
You visited 1 branch of the dungeon, and saw 3 of its levels.

You collected 39 gold pieces.

Inventory:

Hand Weapons
 o - a +2 dagger of freezing (weapon)
Armour
 a - a +0 robe (worn)
 e - a +0 pair of boots (worn)
 f - a +0 ring mail
Magical Staves
 q - a staff of fire
Jewellery
 g - an amulet of regeneration
Scrolls
 h - a scroll of enchant weapon {unknown}
 i - a scroll of identify {unknown}
 j - a scroll of blinking {unknown}
 k - a scroll of noise {unknown}
 l - a scroll of teleportation {unknown}
 p - a scroll of enchant armour {unknown}
 r - a scroll of immolation {unknown}
Potions
 n - a potion of resistance


   Skills:
 + Level 1.4 Fighting
 + Level 3.6 Dodging
 + Level 3.8 Stealth
 * Level 5.1 Spellcasting
 * Level 5.6 Conjurations


You had 11 spell levels left.
You knew the following spells:

 Your Spells              Type           Power      Damage    Failure   Level
a - Magic Dart            Conj           100%       1d8       1%          1
b - Searing Ray           Conj           94%        2d7       1%          2

Your spell library contained the following spells:

 Spells                   Type           Power      Damage    Failure   Level
 Shock                    Conj/Air       100%       1d9       3%          1
 Dazzling Flash           Conj/Hex       56%        N/A       9%          3
 Sublimation of Blood     Necr           8%         N/A       14%         2
 Wereblood                Tmut           8%         N/A       14%         2
 Fulminant Prism          Conj/Hex       14%        3d9       28%         4
 Iskenderun's Mystic Bla  Conj/Tloc      28%        2d7       28%         4
 Summon Hydra             Summ           4%         N/A       100%        7


Dungeon Overview and Level Annotations

Branches:
Dungeon (3/15)

Altars:
Fedhas
Vehumet
Xom

Annotations:
D:2 Sigmund


Message History

You feel your power leaking away.
* * * LOW MAGIC WARNING * * *
Unknown command.
It was a potion of attraction.
You feel attractive to monsters.
The crimson imp hits you but does no damage.
You are electrocuted!
Ouch! That really hurt!
* * * LOW HITPOINT WARNING * * *
Unknown command.
Unknown command.
Okay, then.
It was a potion of berserk rage.
A red film seems to cover your vision as you go berserk!
You feel yourself moving faster!
You feel mighty!
The crimson imp hits you with a +1 dagger of chaos.
* * * LOW HITPOINT WARNING * * *
You are lethally poisoned!
Unknown command.
You puncture the crimson imp! You freeze the crimson imp.
You kill the crimson imp!
Vehumet accepts your kill.
* * * LOW HITPOINT WARNING * * *
You feel sick.
* * * LOW HITPOINT WARNING * * *
You feel sick.
You see here a +1 dagger of chaos.
You are too berserk!
You feel a strong urge to attack something.
* * * LOW HITPOINT WARNING * * *
You feel sick.
You are too berserk!
You are too berserk!
You are too berserk!
You feel your anger nearly subside.
You are no longer berserk.
You are exhausted.
You feel yourself slow down.
* * * LOW HITPOINT WARNING * * *
You feel sick.
You die...

######### #......### #...#
####....# ####.#### #...#
........# #.......# #...#
........#########'#### #.†.#
....#.....##.#...[...# #.†.#
..........##.###._.######...#####
.##.......##.#.....^.#...........
.##......[##.####'####...>.......
..........##..).@................
...)#.....##.##.#..######...#####
..........##.......# #........
.........######.#.## ###....####
.###..............# #.......###
.#####.#########.## #......)..#
...........).# #.# #.......#.#
#.#####.##.#.# #.# ######....##.#
#.########.#.###.#...## #........


There were no monsters in sight!

Vanquished Creatures
  4 crimson imps (D:3)
  2 jellies (D:3)
  A bat (D:3)
  14 endoplasms
  2 giant cockroaches
  7 goblins
  3 hobgoblins
  3 jackals (D:3)
  2 quokkas (D:1)
  5 ball pythons
  4 frilled lizards
  11 kobolds
  5 rats
63 creatures vanquished.

Vanquished Creatures (others)
  5 fungi (D:3)
  11 toadstools (D:3)
16 creatures vanquished.

Grand Total: 79 creatures vanquished

Notes
Turn   | Place    | Note
-------+----------+-------------------------------------------
     0 | D:1      | Htamos the Deep Elf Conjurer began the quest for the Orb.
     0 | D:1      | Reached XP level 1. HP: 10/10 MP: 6/6
   322 | D:1      | Reached XP level 2. HP: 15/15 MP: 2/8
   592 | D:1      | Found a faded altar of an unknown god.
  1165 | D:2      | Noticed Sigmund
  1336 | D:3      | Reached XP level 3. HP: 20/20 MP: 8/10
  1454 | D:3      | Found a shimmering altar of Xom.
  1476 | D:3      | Reached skill level 5 in Conjurations
  1476 | D:3      | Reached XP level 4. HP: 24/24 MP: 1/12
  1576 | D:3      | Reached skill level 1 in Fighting
  1615 | D:3      | Found a radiant altar of Vehumet.
  1619 | D:3      | Learned a level 2 spell: Searing Ray
  1630 | D:3      | Became a worshipper of Vehumet
  1937 | D:3      | Found a blossoming altar of Fedhas.
  2072 | D:3      | Reached XP level 5. HP: 29/29 MP: 4/13
  2348 | D:3      | Reached skill level 5 in Spellcasting
  2348 | D:3      | Reached * piety under Vehumet
  2348 | D:3      | Offered knowledge of Shock by Vehumet.
  2572 | D:3      | HP: 2/43 [poisoned by a crimson imp]
  2575 | D:3      | Succumbed to a crimson imp's poison

Illustrated notes

Levels and vault maps discovered:
D:1:      doesnt_arrival_eight_statues, layout_basic,
          hellmonk_ecumenical_altar_zigzags
D:2:      layout_basic, uniq_sigmund, uniq_robin
D:3:      cheibrodos_fertilizer, layout_loops_cross,
          mainiacjoe_overflow_six_doors_small, led_xom_imps,
          nicolae_vehumet_radiance, minmay_crystal_water, skrybe_limestone_x

Skill      XL: |  1  2  3  4  5 |
---------------+----------------+-----
Stealth        | 3 |  3.8
Spellcasting   | 4 5 |  5.1
Dodging        | 3 |  3.6
Conjurations   | 5 |  5.6
Fighting       | 1 |  1.4

Action                   |  1- 3 |  4- 6 || total
-------------------------+-------+-------++-------
Melee: Dagger            |       |     1 ||     1
 Cast: Magic Dart        |    59 |    85 ||   144
  Use: Potion            |       |     4 ||     4
Armor: Robe              |     3 |     6 ||     9
Dodge: Dodged            |     2 |    16 ||    18

Table legend: (Time is in decaauts)
 A = Elapsed time spent in this place.
 B = Non-inter-level travel time spent in this place.
 C = Inter-level travel time spent in this place.
 D = Time resting spent in this place.
 E = Time spent auto-exploring this place.
 F = Levels seen in this place.
 G = Mean time per level.
                   A        B        C        D        E       F      G
               +--------+--------+--------+--------+--------+-----+--------+
         Total |   2572 |   2488 |     84 |      0 |   2119 |   3 |  857.3 |
       Dungeon |   2572 |   2488 |     84 |      0 |   2119 |   3 |  857.3 |
               +--------+--------+--------+--------+--------+-----+--------+

Top non-repeatable levels by time:
     D:3: 1257 daAuts
     D:1: 1142 daAuts
     D:2: 172 daAuts
